 Dungeon Crawl Stone Soup version 0.24.0-13-gcf9b3192b9 (webtiles) character file.

Game seed: 10048386872718433593, levelgen mode: deterministic

543 Aviak the Sneak (level 7, 0/42 HPs)
             Began as an Octopode Enchanter on Nov 9, 2019.
             Slain by a mummy (17 damage)
             ... in an ossuary.
             The game lasted 00:05:14 (3388 turns).

Aviak the Sneak (Octopode Enchanter)                Turns: 3388, Time: 00:05:14

Health: 0/42       AC:  1    Str:  7    XL:     7   Next: 27%
Magic:  5/11       EV: 17    Int: 17    God:
Gold:   247        SH:  0    Dex: 15    Spells: 3/12 levels left

rFire    . . .     SeeInvis .   a - +1 dagger
rCold    . . .     Gourm    .   (no shield)
rNeg     . . .     Faith    .   (helmet restricted)
rPois    .         Spirit   .   (no amulet)
rElec    .         Reflect  .   E - +2 ring of evasion
rCorr    .         Harm     .   (no ring)
MR       .....                  (no ring)
Stlth    ++++......             (no ring)
HPRegen  0.14/turn              (no ring)
MPRegen  0.12/turn              (no ring)
                                (no ring)
                                (no ring)

@: no status effects
A: almost no armour, stealthy swim, amphibious, 8 rings, constrict 8, camouflage
1, gelatinous body 1
a: no special abilities


You were in an ossuary.
You were not hungry.

You visited 1 branch of the dungeon, and saw 5 of its levels.
You also visited: Ossuary.

You collected 247 gold pieces.

Inventory:

Hand Weapons
 a - a +1 dagger (weapon)
Jewellery
 E - a +2 ring of evasion (left tentacle)
Scrolls
 b - 2 scrolls of random uselessness {unknown}
 e - 3 scrolls of identify {unknown}
 f - 2 scrolls of teleportation {unknown}
 h - a scroll of fog {unknown}
 j - a scroll of enchant armour {unknown}
 l - 2 scrolls of magic mapping {unknown}
 m - a scroll of fear {unknown}
 p - a scroll of noise {unknown}
 q - a scroll of enchant weapon {unknown}
Potions
 d - a potion of resistance {unknown}
 g - 2 potions of might {unknown}
 i - 3 potions of heal wounds {unknown}
 k - a potion of haste {unknown}
 n - 2 potions of cancellation {unknown}
 o - 3 potions of lignification {unknown}
Comestibles
 c - 5 rations


   Skills:
 + Level 0.5 Fighting
 - Level 3.3 Short Blades
 + Level 3.9 Dodging
 + Level 6.4 Stealth
 - Level 3.0 Spellcasting
 + Level 0.6 Conjurations
 + Level 4.5 Hexes


You had 3 spell levels left.
You knew the following spells:

 Your Spells              Type           Power        Failure   Level  Hunger
a - Corona                Hex            ###....      2%          1    None
b - Ensorcelled Hibernat  Hex/Ice        ##....       11%         2    ##.....
c - Confuse               Hex            ###.....     9%          3    ###....
e - Dazzling Spray        Conj/Hex       ##....       19%         3    ###....

Your spell library contained the following spells:

 Spells                   Type           Power        Failure   Level  Hunger
 Tukima's Dance           Hex            ###.....     9%          3    ###....


Dungeon Overview and Level Annotations

Branches:
Dungeon (5/15)            Ossuary (1/1)
 Temple: D:4-7

Altars:
Kikubaaqudgha


Innate Abilities, Weirdness & Mutations

You cannot wear most types of armour.
You are very stealthy in the water. (Stealth+)
You are amphibious.
You can wear up to eight rings at the same time.
You can use your tentacles to constrict eight enemies at once.
Your skin changes colour to match your surroundings (Stealth+).
Your rubbery body absorbs attacks. (AC +1, EV +1)


Message History

Confirm with . or Enter, or press ? or * to list all spells.
Aiming: Dazzling Spray (safe; 19% risk of failure)
Press: ? - help, Shift-Dir - straight line, f/p - mummy
Aim: a mummy (moderately damaged)
Okay, then.
Casting: Dazzling Spray (safe; 19% risk of failure)
Confirm with . or Enter, or press ? or * to list all spells.
Aiming: Confuse (safe; 9% risk of failure)
Press: ? - help, Shift-Dir - straight line, f/p - mummy
Aim: a mummy (moderately damaged, chance to defeat MR: 48%)
The mummy resists with some effort.
You hit the mummy but do no damage. You grab the mummy.
You squeeze the mummy, but do no damage.
The mummy is moderately damaged.
You constrict the mummy. You hit the mummy but do no damage.
The mummy is moderately damaged.
You constrict the mummy, but do no damage.
The mummy hits you!
You die...

#+##........#
##......##
##....##
#....# #....#
#....# #.M..#
#.M..# #.@..#
#....# #.∩∩.#
######


You could see 2 mummies.

Vanquished Creatures
  3 hounds
  A centaur skeleton (D:5)
  A bullfrog skeleton (D:4)
  3 iguanas (D:4)
  A worker ant (D:4)
  A big kobold zombie (Ossuary)
  A hound skeleton (D:4)
  4 mummies (Ossuary)
  8 adders
  An ooze (D:2)
  4 worms
  7 dart slugs
  7 leopard geckos
  4 orcs
  7 giant cockroaches
  5 goblins
  11 hobgoblins
  4 jackals (D:2)
  9 kobolds
  A quokka (D:2)
  4 ball pythons
  6 bats
  5 frilled lizards
  4 hobgoblin zombies (Ossuary)
  A kobold zombie (Ossuary)
  2 orc zombies (Ossuary)
  2 quokka skeletons (D:4)
  14 rats
121 creatures vanquished.

Notes
Turn   | Place    | Note
-------+----------+-------------------------------------------
     0 | D:1      | Aviak the Octopode Enchanter began the quest for the Orb.
     0 | D:1      | Reached XP level 1. HP: 11/11 MP: 3/3
   134 | D:1      | Reached XP level 2. HP: 12/17 MP: 5/5
   157 | D:1      | Learned a level 2 spell: Ensorcelled Hibernation
   508 | D:1      | Reached XP level 3. HP: 18/21 MP: 6/6
   716 | D:2      | Reached XP level 4. HP: 12/27 MP: 4/7
  1109 | D:2      | Reached skill level 5 in Stealth
  1302 | D:3      | Reached XP level 5. HP: 31/31 MP: 8/8
  2151 | D:3      | Learned a level 3 spell: Confuse
  2155 | D:3      | Learned a level 3 spell: Dazzling Spray
  2286 | D:4      | Reached XP level 6. HP: 13/36 MP: 7/10
  2500 | D:4      | Found an ancient bone altar of Kikubaaqudgha.
  2743 | D:4      | Reached skill level 6 in Stealth
  2894 | D:5      | Entered Level 5 of the Dungeon
  2937 | D:5      | Reached XP level 7. HP: 35/41 MP: 11/11
  2955 | D:5      | Found a sand-covered staircase.
  2971 | Ossuary  | Entered an ossuary
  3388 | Ossuary  | Slain by a mummy

Levels and vault maps discovered:
D:1:      mrwooster_arrival_statue_2, layout_loops_ring,
          chequers_serial_rivers_room_b
D:2:      minmay_diamond_boxcup, layout_rooms, grunt_ministairs_7,
          minmay_tromino_v7
D:3:      layout_loops_ring, first_ration, kennysheep_path_1
D:4:      layout_cave_pools, kiku_gazebo_pond_becter
D:5:      layout_basic, minmay_temple_entry_poolview,
          nicolae_ossuary_entry_ruins, kennysheep_generic_room_13,
          uniq_blork_the_orc
Ossuary:  ossuary_tomb_3

Skill      XL: |  1  2  3  4  5  6 |
---------------+-------------------+-----
Short Blades   | 2 3 |  3.3
Stealth        | 5 6 |  6.4
Dodging        | 3 |  3.9
Spellcasting   | 3 |  3.0
Hexes          | 4 |  4.5
Fighting       | |  0.5
Conjurations   | |  0.6

Action                   |  1- 3 |  4- 6 |  7- 9 || total
-------------------------+-------+-------+-------++-------
Melee: Dagger            |    56 |   161 |    68 ||   285
       Constrict         |    13 |    43 |    17 ||    73
       Tentacles         |     7 |    26 |    15 ||    48
 Cast: Ensorcelled Hiber |     1 |    15 |       ||    16
       Confuse           |       |       |     7 ||     7
       Dazzling Spray    |       |       |     1 ||     1
 Stab: Sleeping          |    15 |    31 |     1 ||    47
       Confused          |       |       |     1 ||     1
  Eat: Chunk             |       |     7 |       ||     7
       Ration            |       |       |     1 ||     1
Armor: Skin              |     1 |     6 |     2 ||     9
Dodge: Dodged            |    23 |   106 |    38 ||   167
